 Dungeon Crawl Stone Soup version 0.25-a0-949-gdd2af9e06e (webtiles) character file.

Game seed: 18294375773790978636, levelgen mode: deterministic

15415 FrogZ the Severer (level 12, 0/89 HPs)
             Began as a Demonspawn Berserker on May 8, 2020.
             Was a High Priest of Trog.
             Slain by a wolf (4 damage)
             ... on level 2 of the Lair of Beasts.
             The game lasted 00:43:59 (12626 turns).

FrogZ the Severer (Demonspawn Berserker)           Turns: 12626, Time: 00:43:59

Health: 0/89       AC:  6    Str: 19    XL:     12   Next: 1%
Magic:  12/12      EV: 12    Int: 12    God:    Trog [*****.]
Gold:   546        SH:  0    Dex: 15    Spells: 11/11 levels left

rFire    + . .     SeeInvis .   E - +2 war axe (elec)
rCold    + . .     Gourm    +   (no shield)
rNeg     . . .     Faith    .   B - +0 acid dragon scales
rPois    +         Spirit   .   (helmet unavailable)
rElec    .         Reflect  .   K - scarf {repulsion}
rCorr    +         Harm     .   (gloves unavailable)
MR       .....                  (no boots)
Stlth    +.........             g - amulet of the gourmand
HPRegen  0.24/turn              c - ring of poison resistance
MPRegen  0.13/turn              t - ring of protection from cold

@: berserk cooldown, slowed, repel missiles, very slow
A: claws 3, hooves 2, horns 3, agile 1, fire resistance 1, robust 1, rot
immunity, MP-powered wands
a: Berserk, Trog's Hand, Brothers in Arms, Renounce Religion


You were on level 2 of the Lair of Beasts.
You worshipped Trog.
Trog was extremely pleased with you.
You were very full.

You visited 2 branches of the dungeon, and saw 12 of its levels.

You collected 546 gold pieces.

Inventory:

Hand Weapons
 E - a +2 war axe of electrocution (weapon)
Armour
 B - +0 acid dragon scales (worn)
 K - a scarf of repulsion (worn)
Jewellery
 c - a ring of poison resistance (left claw)
 g - an amulet of the gourmand (around neck)
 n - an uncursed ring of fire {unknown}
 q - a +3 ring of strength
 t - a ring of protection from cold (right claw)
 w - a +3 ring of strength
 F - an uncursed ring of protection from fire {unknown}
 G - a +3 ring of intelligence {unknown}
Wands
 h - a wand of iceblast (9)
 l - a wand of digging (2)
 o - a wand of polymorph (23)
 u - a wand of clouds (5)
 v - a wand of flame (19)
 x - a wand of disintegration (13)
 I - a wand of paralysis (12)
Scrolls
 a - a scroll of vulnerability {unknown}
 i - 5 scrolls of remove curse
 j - 3 scrolls of teleportation
 y - a scroll of summoning {unknown}
 A - a scroll of enchant weapon {unknown}
 H - a scroll of magic mapping
 J - a scroll of enchant armour {unknown}
Potions
 b - a potion of curing
 d - a potion of berserk rage {unknown}
 e - a potion of stabbing
 f - a potion of degeneration {unknown}
 k - 2 potions of lignification
 m - a potion of ambrosia
 p - a potion of might {unknown}
 z - 3 potions of haste
 C - a potion of brilliance {unknown}
 D - a potion of magic {unknown}
Comestibles
 s - 14 rations


   Skills:
 - Level 3.0 Fighting
 + Level 17.0 Axes
 - Level 1.7 Armour
 - Level 1.7 Dodging


You had 11 spell levels left.
You didn't know any spells.
Your spell library was empty.

Dungeon Overview and Level Annotations

Branches:
Dungeon (10/15)            Temple (0/1) D:7            Lair (2/6) D:10
  Swamp: Lair:2-4    Shoals: Lair:2-4     Snake: Lair:2-4    Spider: Lair:2-4
    Orc: D:9-12

Altars:
Cheibriados
Gozag
Nemelex Xobeh
Okawaru
Sif Muna
Wu Jian
Xom
Zin

Shops:
D:7 :   D:8 [


Innate Abilities, Weirdness & Mutations

You have claws for hands.
You have hoof-like feet.
You have a pair of large horns on your head.
You are immune to rotting.
You are agile. (Dex +2)
Your flesh is heat resistant. (rF+)
You are robust. (+10% HP)
You expend magic power (3 MP) to strengthen your wands.


Message History

You feel much better. The wolf misses you. The wolf bites you.
The wolf bites you! The wolf misses you. The wolf closely misses you.
You are too injured to fight recklessly!
You closely miss the wolf. Your kick misses the wolf.
The wolf is severely wounded.
You hit the wolf but do no damage. Lightning courses through the wolf!
You kill the wolf!
Trog accepts your kill.
Your Axes skill increases to level 17!
The wolf barely misses you. The wolf bites you but does no damage.
You closely miss the wolf. Your headbutt misses the wolf.
The wolf is severely wounded.
You are struck by the porcupine's spines.
* * * LOW HITPOINT WARNING * * *
You hit the porcupine. The wolf bites you.
* * * LOW HITPOINT WARNING * * *
The porcupine bites you!
* * * LOW HITPOINT WARNING * * *
The wolf bites you.
You die...

... .#.. .....
..... .P....
###
.....P###..##..
#.....h.......
#....r@.......
...............
.#....P##.##...
......# ## .
.#.... ......
..... .P...


You could see a wolf and a porcupine.

Vanquished Creatures
  Gastronok (D:8)
  Erica (D:8)
  2 two-headed ogres
  A slime creature (D:10)
  Pikel (D:6)
  2 centaur zombies
  Psyche (D:8)
  A spiny frog (Lair:1)
  A centaur skeleton (D:10)
  Maggie (D:6)
  A rime drake (Lair:1)
  2 komodo dragons
  Prince Ribbit (D:5)
  3 hippogriffs
  A blink frog (Lair:1)
  A spriggan (D:9)
  A basilisk (Lair:1)
  3 yaks (Lair:1)
  2 hungry ghosts (D:9)
  Edmund (D:5)
  2 water moccasins (Lair:1)
  7 orc warriors
  3 ice beasts
  A phantom (D:7)
  2 sky beasts
  8 ogres
  2 centaurs
  11 wolves
  A crocodile (D:10)
  Blork the orc (D:5)
  6 bullfrogs
  A water moccasin zombie (D:7)
  4 scorpions
  9 killer bees
  8 howler monkeys
  5 wights (D:9)
  A bullfrog zombie (D:10)
  A crimson imp (D:9)
  A jelly (D:9)
  A quasit (D:9)
  A gnoll shaman (D:7)
  4 hounds
  13 orc wizards
  6 orc priests
  4 bullfrog skeletons
  Jessica (D:2)
  3 iguanas
  5 worker ants
  Terence (D:2)
  A killer bee zombie (D:5)
  2 hound skeletons
  13 adders
  4 gnolls (D:7)
  3 shadow imps
  2 oozes
  2 adder skeletons
  An adder zombie (D:5)
  3 worms
  3 dart slugs
  3 leopard geckos
  37 orcs
  A ball python (D:1)
  8 bats
  5 giant cockroaches
  6 hobgoblins
  18 jackals
  5 quokkas
  14 frilled lizards
  16 goblins
  A jackal skeleton (D:5)
  5 kobolds
  A leopard gecko zombie (D:5)
  A quokka skeleton (D:4)
  9 rats
  4 plants (D:10)
309 creatures vanquished.

Vanquished Creatures (others)
  A centaur skeleton (D:10)
1 creature vanquished.

Grand Total: 310 creatures vanquished

Notes
Turn   | Place    | Note
-------+----------+-------------------------------------------
     0 | D:1      | FrogZ the Demonspawn Berserker began the quest for the Orb.
     0 | D:1      | Reached XP level 1. HP: 18/18 MP: 1/1
   116 | D:1      | Reached skill level 3 in Axes
   250 | D:1      | Gained mutation: You have large cloven feet. [demonic
                  | ancestry]
   250 | D:1      | Reached XP level 2. HP: 22/24 MP: 2/2
   558 | D:1      | Reached ** piety under Trog
   867 | D:1      | Gained mutation: You have sharp fingernails. [demonic
                  | ancestry]
   867 | D:1      | Reached XP level 3. HP: 24/29 MP: 3/3
  1586 | D:2      | Reached skill level 4 in Axes
  1691 | D:2      | Noticed Jessica
  1697 | D:2      | Killed Jessica
  1698 | D:2      | Gained mutation: You have a pair of small horns on your
                  | head. [demonic ancestry]
  1698 | D:2      | Reached XP level 4. HP: 29/35 MP: 4/4
  2123 | D:2      | Noticed Terence
  2134 | D:2      | Killed Terence
  2134 | D:2      | Reached skill level 5 in Axes
  2152 | D:2      | Gained mutation: You have very sharp fingernails. [demonic
                  | ancestry]
  2152 | D:2      | Reached XP level 5. HP: 25/41 MP: 5/5
  2647 | D:2      | Reached *** piety under Trog
  2769 | D:2      | Found a shimmering blue altar of Sif Muna.
  2836 | D:3      | Noticed an angel
  2837 | D:3      | Found a glowing silver altar of Zin.
  2840 | D:3      | Found a shimmering altar of Xom.
  3230 | D:3      | Gained mutation: You are agile. (Dex +2) [potion of
                  | mutation]
  3230 | D:3      | Gained mutation: Your flesh is heat resistant. (rF+)
                  | [potion of mutation]
  3230 | D:3      | Gained mutation: You are robust. (+10% HP) [potion of
                  | mutation]
  3230 | D:3      | Gained mutation: You expend magic power (3 MP) to
                  | strengthen your wands. [potion of mutation]
  4125 | D:4      | Reached skill level 6 in Axes
  4126 | D:4      | Gained mutation: You have a pair of horns on your head.
                  | [demonic ancestry]
  4126 | D:4      | Reached XP level 6. HP: 51/51 MP: 6/6
  4495 | D:4      | Reached skill level 7 in Axes
  4758 | D:4      | Reached XP level 7. HP: 56/57 MP: 7/7
  5049 | D:4      | Reached skill level 8 in Axes
  5174 | D:4      | Reached **** piety under Trog
  5403 | D:5      | Entered Level 5 of the Dungeon
  5407 | D:5      | Noticed Prince Ribbit
  5416 | D:5      | Killed Prince Ribbit
  5778 | D:5      | Found a snail-covered altar of Cheibriados.
  5819 | D:5      | Noticed Blork the orc
  5826 | D:5      | Reached skill level 9 in Axes
  5826 | D:5      | Gained mutation: You have hoof-like feet. [demonic
                  | ancestry]
  5826 | D:5      | Reached XP level 8. HP: 63/63 MP: 8/8
  5827 | D:5      | Killed Blork the orc
  5938 | D:5      | Noticed Edmund
  5951 | D:5      | Killed Edmund
  6519 | D:6      | Noticed Maggie
  6536 | D:6      | Killed Maggie
  6536 | D:6      | Reached skill level 10 in Axes
  7280 | D:6      | Reached skill level 11 in Axes
  7280 | D:6      | Reached XP level 9. HP: 59/69 MP: 9/9
  7464 | D:6      | Noticed Pikel
  7484 | D:6      | Killed Pikel
  7963 | D:7      | Reached ***** piety under Trog
  8003 | D:7      | Reached skill level 12 in Axes
  8128 | D:7      | Found Itru's Book Boutique.
  8265 | D:7      | Found a staircase to the Ecumenical Temple.
  8715 | D:8      | Noticed Gastronok
  8725 | D:8      | Killed Gastronok
  8725 | D:8      | Reached skill level 13 in Axes
  8725 | D:8      | Gained mutation: You are immune to rotting. [demonic
                  | ancestry]
  8725 | D:8      | Reached XP level 10. HP: 77/77 MP: 10/10
  8882 | D:8      | Found Werugof's Antique Armour Emporium.
  8890 | D:8      | Noticed Erica
  8900 | D:8      | Killed Erica
  8900 | D:8      | Reached skill level 14 in Axes
  8948 | D:8      | Noticed Psyche
  8955 | D:8      | Killed Psyche
  9200 | D:8      | Received a gift from Trog
  9791 | D:9      | Reached skill level 15 in Axes
  9791 | D:9      | Gained mutation: You have claws for hands. [demonic
                  | ancestry]
  9791 | D:9      | Reached XP level 11. HP: 58/82 MP: 11/11
 10442 | D:9      | Found an opulent altar of Gozag.
 10444 | D:9      | Noticed a two-headed ogre
 10451 | D:9      | Killed a two-headed ogre
 10905 | D:9      | Found an ornate altar of the Wu Jian Council.
 10921 | D:9      | Found a sparkling altar of Nemelex Xobeh.
 10923 | D:9      | Found an iron altar of Okawaru.
 11166 | D:10     | Entered Level 10 of the Dungeon
 11443 | D:10     | Reached skill level 16 in Axes
 11562 | D:10     | Noticed a two-headed ogre
 11574 | D:10     | Killed a two-headed ogre
 11706 | D:10     | Found a staircase to the Lair.
 12037 | Lair:1   | Entered Level 1 of the Lair of Beasts
 12614 | Lair:1   | Gained mutation: You have a pair of large horns on your
                  | head. [demonic ancestry]
 12614 | Lair:1   | Reached XP level 12. HP: 42/89 MP: 12/12
 12625 | Lair:2   | Reached skill level 17 in Axes
 12626 | Lair:2   | HP: 4/89 [porcupine (9)]
 12626 | Lair:2   | Slain by a wolf

Levels and vault maps discovered:
D:1:      erik_arrival_cave_to_civilisation [erik_arrival_cave_to_hall],
          layout_basic, minmay_tetromino_l4
D:2:      layout_basic, lemuel_blue_sif_altar, minivault_11,
          palyth_stone_intersect, uniq_jessica, uniq_terence
D:3:      layout_basic, grunt_temple_overflow_order_and_chaos_1
D:4:      layout_rooms, minivault_19, minmay_quadrilaterals
D:5:      layout_basic, first_ration, cheibriados_altar_1, uniq_edmund,
          uniq_prince_ribbit1, uniq_blork_the_orc
D:6:      layout_loops_cross, uniq_pikel, uniq_maggie
D:7:      layout_rooms, temple_doors_e, serial_shops, shop, grunt_ministairs_4
D:8:      layout_basic, serial_shops, shop, uniq_psyche, uniq_gastronok,
          uniq_erica
D:9:      layout_roguey, grunt_temple_overflow_open, basic_altar, the_bakery
D:10:     layout_roguey, david_lair_shrubbed, lemuel_flamethrower_1
Lair:1:   layout_regular_city, grunt_forest_large_clearings, grunt_megastairs_5,
          serial_bayou_shore_a
Lair:2:   layout_gridlike, gauntlet_entry_generic,
          chequers_serial_rivers_small_3

Skill      XL: |  1  2  3  4  5  6  7  8  9 10 11 12 |
---------------+-------------------------------------+-----
Axes           | 3 4 5 6 7 9 11 13 15 16 17 | 17.0
Fighting       | |  3.0
Armour         | |  1.7
Dodging        | |  1.7

Action                   |  1- 3 |  4- 6 |  7- 9 | 10-12 || total
-------------------------+-------+-------+-------+-------++-------
Melee: Hand axe          |    98 |   114 |       |       ||   212
       Kick              |    22 |    30 |    60 |    80 ||   192
       Headbutt          |       |    18 |    30 |    49 ||    97
       War axe           |       |    47 |   204 |   298 ||   549
Invok: Berserk           |     1 |     5 |    13 |    15 ||    34
Evoke: Wand              |       |       |     3 |       ||     3
  Use: Scroll            |       |     7 |     8 |     2 ||    17
       Potion            |       |     2 |       |     1 ||     3
 Stab: Sleeping          |       |     1 |       |       ||     1
  Eat: Chunk             |     1 |    25 |    24 |    31 ||    81
       Ration            |     1 |       |       |       ||     1
Armor: Animal skin       |    22 |    34 |     9 |       ||    65
       Acid dragon scale |       |       |    15 |    47 ||    62
Dodge: Dodged            |    63 |    96 |    99 |   116 ||   374

Table legend:
 A = Non-vault XP
 B = Vault XP
 C = Vault XP percentage of total XP
 D = Non-vault monster count
 E = Vault monster count
 F = Vault count percentage of total count
                 A         B        C        D         E       F
            +---------+---------+-------+---------+---------+-------
      Total |   14181 |    7841 |  35.6 |     270 |      35 |  11.5
            +---------+---------+-------+---------+---------+-------
        D:1 |      41 |       8 |  16.3 |      25 |       4 |  13.8
        D:2 |      93 |      73 |  44.0 |      30 |       2 |   6.2
        D:3 |     112 |       0 |   0.0 |      30 |       0 |   0.0
        D:4 |     377 |     297 |  44.1 |      19 |       5 |  20.8
        D:5 |     265 |     565 |  68.1 |      20 |       3 |  13.0
        D:6 |     757 |     963 |  56.0 |      19 |       2 |   9.5
        D:7 |    1461 |     120 |   7.6 |      28 |       2 |   6.7
        D:8 |    1585 |    3623 |  69.6 |      23 |       3 |  11.5
        D:9 |    3708 |     211 |   5.4 |      47 |       1 |   2.1
       D:10 |    3437 |     343 |   9.1 |      19 |       1 |   5.0
     Lair:1 |    2345 |    1523 |  39.4 |      10 |      11 |  52.4
     Lair:2 |       0 |     115 | 100.0 |       0 |       1 | 100.0
            +---------+---------+-------+---------+---------+-------
